 Dungeon Crawl Stone Soup version 0.31.0 (webtiles) character file.

Game seed: 17338553838463322569

20 Esekla the Chucker (level 2, 0/16 HPs)
             Began as a Deep Elf Wanderer on Jan 20, 2024.
             Slain by an adder (1 damage)
             ... on level 2 of the Dungeon.
             The game lasted 00:04:51 (439 turns).

Esekla the Chucker (Deep Elf Wanderer)               Turns: 439, Time: 00:04:52

Health: 0/16       AC:  2    Str:  7    XL:     2   Next: 58%
Magic:  5/7        EV: 12    Int: 15    God:
Gold:   28         SH:  0    Dex: 17    Spells: 4/5 levels left

rFire   . . .        a - +2 falchion
rCold   . . .        (no shield)
rNeg    . . .        e - +0 robe
rPois   .            (no helmet)
rElec   .            (no cloak)
rCorr   .            (no gloves)
SInv    .            (no boots)
Will    .....        (no amulet)
Stlth   ++           (no ring)
HPRegen 0.22/turn    (no ring)
MPRegen 0.10/turn

%: no passive effects
@: lethally poisoned (0 -> -6)
A: no striking features
a: no special abilities


You were on level 2 of the Dungeon.
You visited 1 branch of the dungeon, and saw 2 of its levels.

You collected 28 gold pieces.

Inventory:

Hand Weapons
 a - a +2 falchion (weapon)
 s - a +0 dagger
Missiles
 b - 7 boomerangs (quivered)
Armour
 e - a +0 robe (worn)
Scrolls
 d - a scroll of fog
 f - a scroll of enchant weapon {unknown}


   Skills:
 + Level 1.0 Fighting
 + Level 2.8 Long Blades
 + Level 4.2 Throwing
 * Level 1.0 Dodging
 + Level 0.6 Stealth
 * Level 2.0 Spellcasting
 * Level 0.8 Conjurations
 + Level 1.1 Alchemy


You had 4 spell levels left.
You knew the following spells:

 Your Spells              Type           Power      Damage    Failure   Level
a - Sting                 Conj/Alch      16%        1d4       16%         1

Your spell library contained the following spells:

 Spells                   Type           Power      Damage    Failure   Level
 Mephitic Cloud           Conj/Alch/Air  3%         N/A       45%         3


Dungeon Overview and Level Annotations

Branches:
Dungeon (1/15)

Altars:
Fedhas


Message History

You open the door.
An endoplasm comes into view.
Casting: Sting (safe; 16% risk of failure)
Confirm with . or Enter, or press ? or * to list all spells.
Aiming: Sting (safe; 16% risk of failure)
Press: ? - help, Shift-Dir - straight line, f - adder
Aim: an adder (43% to hit)
You miscast Sting.
You are very lightly contaminated with residual magic.
Nothing appears to happen.
The adder attacks as it pursues you! The adder bites you.
You are poisoned.
The adder poisons you!
You feel sick. The adder closely misses you.
There is an open door here.
You feel sick.
You hit the adder but do no damage.
You feel sick. The adder closely misses you. The adder misses you.
You slash the adder!
The adder is severely wounded.
You feel sick. The adder bites you.
Casting: Sting (safe; 16% risk of failure)
Confirm with . or Enter, or press ? or * to list all spells.
Aiming: Sting (safe; 16% risk of failure)
Press: ? - help, Shift-Dir - straight line, f - endoplasm, p - adder
Aim: an endoplasm (97% to hit)
The sting misses the adder.
The sting hits the endoplasm.
The endoplasm partially resists.
The endoplasm is lightly wounded.
You feel sick. The adder closely misses you.
Your magical contamination has completely faded away.
You closely miss the adder.
The adder is severely wounded.
You feel sick.
You are no longer poisoned.
The adder bites you.
* * * LOW HITPOINT WARNING * * *
You are lethally poisoned!
The adder poisons you! The adder bites you.
You die...

.....................>...#
.................#.....#.#
.................#.....#†#
.................###.###.#
.........................#
###............##...###
#..J........#####.#
#.#S####+##.# #.#
#...@.......#####.###
........................
................####.....
.....................#.#.
..^#................†....
......#.......#.#..####.#.#.
.......#.......#.#..# #.....
.(.(...##..÷####.#..# ##.##.
....... #...'....#..# #.##.


You could see an adder and an endoplasm.

Vanquished Creatures
  An adder (D:2)
  A ribbon worm (D:2)
  A ball python (D:2)
  4 hobgoblins
  A bat (D:2)
8 creatures vanquished.

Notes
Turn   | Place    | Note
-------+----------+-------------------------------------------
     0 | D:1      | Esekla the Deep Elf Wanderer began the quest for the Orb.
     0 | D:1      | Esekla set off with the following items: a +2 falchion, 7
                  | boomerangs, a +0 dagger, a scroll of fog, a +0 robe; and
                  | the following spell memorised: Sting; and the following
                  | spells available to memorise: Mephitic Cloud.
     0 | D:1      | Reached XP level 1. HP: 12/12 MP: 5/5
    41 | D:1      | You fall into a shaft and drop 1 floor!
    47 | D:2      | Found a blossoming altar of Fedhas.
   166 | D:2      | Reached XP level 2. HP: 10/16 MP: 4/7
   258 | D:2      | Reached skill level 1 in Dodging
   439 | D:2      | Slain by an adder

Illustrated notes

Levels and vault maps discovered:
D:1:      orjb1_clovarrival, layout_loops_ring,
          hellmonk_ecumenical_altar_watching_god
D:2:      layout_basic, serial_glass, glass_columns_a, glass_columns_a,
          glass_columns_a, glass_columns_b, glass_columns_a, glass_columns_b,
          glass_columns_a, glass_columns_b, glass_columns_c, glass_columns_a,
          basic_altar, chequers_garden, st_stairs_3

Skill      XL: |  1  2 |
---------------+-------+-----
Spellcasting   | 2 |  2.0
Dodging        | 1 |  1.0
Fighting       | |  1.0
Long Blades    | |  2.8
Throwing       | |  4.2
Stealth        | |  0.6
Conjurations   | |  0.8
Alchemy        | |  1.1

Action                     || total
---------------------------++-------
  Melee: Dagger            ||    19
         Falchion          ||     8
  Throw: Boomerang         ||     4
   Cast: Sting             ||    15
   Stab: Sleeping          ||     1
 Armour: Robe              ||    16
  Dodge: Dodged            ||    20
